 Seeded DCSS version 0.28-a0-1389-gc726bef (webtiles) character file.

Game seed: 3749806054204483717 (custom seed)

510386 araganzar the Black Belt (level 24, -21/192 (224) HPs)
             Began as a Black Draconian Transmuter on Jan 2, 2022.
             Was the Champion of Okawaru.
             Demolished by a vampire knight (25 damage)
             ... while paralysed by a vampire knight
             ... on level 3 of the Crypt on Jan 3, 2022.
             The game lasted 06:27:32 (70570 turns).

araganzar the Black Belt (DrTm)                    Turns: 70570, Time: 06:27:33

HP:   -21/192 (224) AC: 17    Str: 14    XL:     24   Next: 31%
MP:   34/34         EV:  2    Int: 24    God:    Okawaru [******]
Gold: 819           SH:  0    Dex: 22    Spells: 2/45 levels left

rFire   + + .      SeeInvis +     - Unarmed
rCold   + + +      Faith    .   v - +3 warlock's mirror {reflect}
rNeg    + + .      Spirit   .   (armour unavailable)
rPois   +          Reflect  +   J - -2 hat of the Alchemist {rElec rPois rF+ rC+ rN+ Will+ rMut rCorr}
rElec   +          Harm     .   y - +1 cloak of Oblivion {rF+ rC+ rN+ Regen+}
rCorr   +          Rampage  .   u - +1 pair of gloves of Edeicivoqe {Dex+5}
rMut    +                       V - +2 pair of boots
Will    +....                   j - amulet "Raiven" {+Inv rC+ Regen+ Int+3 Dex+2}
Stlth   +++++.....              H - ring of see invisible {sInv, !d}
HPRegen 2.02/turn               z - +4 ring of slaying
MPRegen 0.24/turn

@: paralysed, weak-willed, flying, studying Slings, heavily drained
A: breathe lightning, AC +12, unfitting armour, big wings, electricity
resistance, cold-blooded, low mp 1, strong-willed 1, sense surroundings 1,
subdued magic 1
}: 2/15 runes: decaying, gossamer
a: Breathe Lightning, Renounce Religion, Evoke Invisibility, Heroism, Finesse,
Duel


You were on level 3 of the Crypt.
You worshipped Okawaru.
Okawaru was exalted by your worship.
You visited 10 branches of the dungeon, and saw 46 of its levels.
You also visited: Sewer, Gauntlet, Volcano and Wizlab.

You collected 7898 gold pieces.
You spent 7079 gold pieces at shops.


Innate Abilities, Weirdness & Mutations

You can breathe wild blasts of lightning.
Your glossy black scales are hard. (AC +12)
You cannot fit into any form of body armour.
Your large and strong wings let you fly.
You are resistant to electric shocks. (rElec)
You are cold-blooded and may be slowed by cold attacks.
Your magical capacity is low. (-10% MP)
You are strong-willed. (Will+)
You passively map a small area around you.
Your spells are a little easier to cast, but a little less powerful.


   Skills:
 - Level 20.0 Fighting
 - Level 14.0 Slings
 - Level 0.1(9.0) Throwing
 - Level 15.0 Dodging
 - Level 10.0 Stealth
 - Level 16.0 Shields
 - Level 20.0 Unarmed Combat
 - Level 11.0 Spellcasting
 - Level 2.0 Conjurations
 - Level 4.0 Hexes
 - Level 6.0 Necromancy
 - Level 13.0 Transmutations
 - Level 2.0 Fire Magic
 - Level 6.0 Ice Magic
 - Level 2.0 Air Magic
 - Level 9.0 Earth Magic
 - Level 7.5 Poison Magic
 - Level 8.0 Invocations
 + Level 8.1 Evocations


You had 2 spell levels left.
You knew the following spells:

 Your Spells              Type           Power      Damage    Failure   Level
a - Statue Form           Tmut/Erth      33%        N/A       6%          6
b - Dragon Form           Tmut           27%        N/A       16%         7
d - Olgreb's Toxic Radia  Pois           37%        N/A       1%          4
i - Irradiate             Conj/Tmut      18%        3d19      4%          5
m - Mephitic Cloud        Conj/Pois/Air  24%        N/A       2%          3
v - Borgnjor's Vile Clut  Necr/Erth      18%        N/A       4%          5
w - Wereblood             Tmut           55%        N/A       0%          2
x - Blade Hands           Tmut           27%        N/A       1%          5
z - Ozocubu's Armour      Ice            32%        N/A       1%          3
A - Confusing Touch       Hex            24%        N/A       1%          3

Your spell library contained the following spells:

 Spells                   Type           Power      Damage    Failure   Level
 Beastly Appendage        Tmut           100%       N/A       0%          1
 Freeze                   Ice            100%       1d11      1%          1
 Magic Dart               Conj           68%        1d6       1%          1
 Pain                     Necr           100%       1d9       1%          1
 Sandblast                Erth           86%        2d18      1%          1
 Shock                    Conj/Air       68%        1d7       1%          1
 Slow                     Hex            96%        N/A       1%          1
 Sting                    Tmut/Pois      100%       1d8       1%          1
 Ensorcelled Hibernation  Hex/Ice        56%        N/A       1%          2
 Passwall                 Tmut/Erth      41%        N/A       1%          2
 Poisonous Vapours        Pois/Air       54%        N/A       1%          2
 Sublimation of Blood     Necr           32%        N/A       1%          2
 Scorch                   Fire           34%        2d6       2%          2
 Static Discharge         Conj/Air       17%        N/A       2%          2
 Blink                    Tloc           20%        N/A       5%          2
 Frozen Ramparts          Ice            64%        1d8       1%          3
 Ignite Poison            Fire/Tmut/Pois 37%        N/A       1%          3
 Spider Form              Tmut/Pois      48%        N/A       1%          3
 Stone Arrow              Conj/Erth      60%        3d10      1%          3
 Vampiric Draining        Necr           32%        2d8       1%          3
 Ice Form                 Ice/Tmut       45%        N/A       1%          4
 Petrify                  Tmut/Erth      50%        N/A       1%          4
 Alistair's Intoxication  Tmut/Pois      32%        N/A       1%          5
 Lee's Rapid Deconstruct  Erth           21%        3d13*     2%          5
 Dazzling Flash           Conj/Hex       42%        N/A       3%          3
 Inner Flame              Hex/Fire       21%        N/A       3%          3
 Dispel Undead            Necr           32%        3d14      3%          4
 Yara's Violent Unravell  Hex/Tmut       20%        3d9       3%          5
 Conjure Flame            Conj/Fire      17%        6-21      4%          3
 Swiftness                Air            17%        N/A       4%          3
 Cause Fear               Hex            12%        N/A       7%          4
 Hailstorm                Conj/Ice       24%        3d7       7%          4
 Agony                    Necr           32%        N/A       9%          5
 Eringya's Noxious Bog    Tmut/Pois      24%        N/A       9%          6
 Gell's Gravitas          Tloc           10%        N/A       12%         3
 Lesser Beckoning         Tloc           10%        N/A       12%         3
 Teleport Other           Tloc           10%        N/A       12%         3
 Fulminant Prism          Conj/Hex       10%        3d9       12%         4
 Metabolic Englaciation   Hex/Ice        14%        N/A       14%         5
 Airstrike                Air            8%         N/A       17%         4
 Flame Wave               Conj/Fire      17%        2d5       17%         4
 Sticky Flame             Conj/Fire      17%        2d4       17%         4
 Iskenderun's Mystic Bla  Conj/Tloc      13%        2d5       26%         4
 Silence                  Hex/Air        10%        N/A       32%         5
 Passage of Golubria      Tloc           10%        N/A       38%         4
 Fireball                 Conj/Fire      8%         3d6       45%         5
 Iskenderun's Battlesphe  Conj           17%        2d7       45%         5
 Lightning Bolt           Conj/Air       8%         1d21      45%         5
 Iron Shot                Conj/Erth      15%        9d4       54%         6
 Manifold Assault         Tloc           10%        N/A       75%         5
 Storm Form               Tmut/Air       18%        N/A       86%         7
 Conjure Ball Lightning   Conj/Air       8%         3x3d6     96%         6
 Starburst                Conj/Fire      8%         6d4       96%         6
 Ozocubu's Refrigeration  Ice            16%        4d8       97%         7
 Necromutation            Tmut/Necr      22%        N/A       99%         8
 Dispersal                Tloc           5%         N/A       100%        6
 Enfeeble                 Hex            12%        N/A       100%        7
 Orb of Destruction       Conj           8%         9d4       100%        7
 Borgnjor's Revivificati  Necr           16%        N/A       100%        8
 Discord                  Hex            12%        N/A       100%        8
 Ignition                 Fire           8%         3d5       100%        8
 Lehudib's Crystal Spear  Conj/Erth      15%        10d5      100%        8
 Maxwell's Capacitive Co  Air            8%         ∞         100%        8
 Animate Skeleton         Necr           Unusable   N/A       N/A         1
 Call Imp                 Summ           Unusable   N/A       N/A         2
 Tukima's Dance           Hex            Unusable   N/A       N/A         3
 Animate Dead             Necr           Unusable   N/A       N/A         4
 Summon Guardian Golem    Hex/Summ       Unusable   N/A       N/A         3
 Summon Lightning Spire   Summ/Air       Unusable   N/A       N/A         4
 Death Channel            Necr           Unusable   N/A       N/A         6
 Summon Forest            Summ/Tloc      Unusable   N/A       N/A         5
 Summon Cactus Giant      Summ           Unusable   N/A       N/A         6
 Haunt                    Necr/Summ      Unusable   N/A       N/A         7
 Spellforged Servitor     Conj/Summ      Unusable   N/A       N/A         7
 Summon Hydra             Summ           Unusable   N/A       N/A         7
 Dragon's Call            Summ           Unusable   N/A       N/A         9

Inventory:

Hand Weapons
 a - a +9 fustibalus of freezing
   (Okawaru gifted it to you on level 2 of the Orcish Mines)
Missiles
 l - 564 sling bullets
 m - 9 curare-tipped darts
 q - 2 throwing nets (quivered) {=f, !d}
 D - 8 silver javelins
Armour
 r - the +2 shield of Resistance {rF++ rC++ Will++}
   (You found it on level 6 of the Dungeon)

   rF:        It greatly protects you from fire.
   rC:        It greatly protects you from cold.
   Will:      It greatly increases your willpower.
 u - the +1 pair of gloves of Edeicivoqe (worn) {Dex+5}
   (Okawaru gifted it to you on level 4 of the Lair of Beasts)

   Dex:       It affects your dexterity (+5).
 v - the +3 warlock's mirror (worn) {reflect}
   (You bought it in a shop on level 1 of the Orcish Mines)

   It can block and reflect piercing ranged attacks and magical attacks against
   the wielder's willpower.
 y - the +1 cloak of Oblivion (worn) {rF+ rC+ rN+ Regen+}
   (You found it in a Gauntlet)

   rF:        It protects you from fire.
   rC:        It protects you from cold.
   rN:        It protects you from negative energy.
   Regen:     It increases your rate of health regeneration.
 J - the -2 hat of the Alchemist (worn) {rElec rPois rF+ rC+ rN+ Will+ rMut rCorr}
   (You bought it in a shop on level 4 of the Depths)

   rF:        It protects you from fire.
   rC:        It protects you from cold.
   rElec:     It insulates you from electricity.
   rPois:     It protects you from poison.
   rN:        It protects you from negative energy.
   rCorr:     It protects you from acid and corrosion.
   rMut:      It protects you from mutation.
   Will:      It increases your willpower.
 S - the +2 hood of the Assassin {Detection Stab+ Stlth++}
   (You bought it in a shop on level 1 of the Orcish Mines)

   It allows the wearer to sense nearby creatures.
   It allows the wearer to make particularly effective stabbing attacks against
   helpless or unaware enemies with any weapon.
   Stlth:     It makes you much more stealthy.
 V - a +2 pair of boots (worn)
   (You found it on level 11 of the Dungeon)
Magical Staves
 w - a staff of earth
   (You found it on level 1 of the Swamp)
Jewellery
 c - a ring of wizardry {Wiz+, !d}
   (You found it on level 3 of the Swamp)
 j - the amulet "Raiven" (around neck) {+Inv rC+ Regen+ Int+3 Dex+2}
   (You took it off Jory on level 3 of the Crypt)

   [amulet of regeneration]

   Int:       It affects your intelligence (+3).
   Dex:       It affects your dexterity (+2).
   rC:        It protects you from cold.
   +Inv:      It lets you turn invisible.
   Regen:     It increases your rate of health regeneration.
 n - the ring of Cabil {rPois rN+ MP+9 Dex+3}
   (You found it on level 3 of the Crypt)

   [ring of positive energy]

   Dex:       It affects your dexterity (+3).
   rPois:     It protects you from poison.
   rN:        It protects you from negative energy.
   MP:        It affects your magic capacity (+9).
 z - a +4 ring of slaying (right hand)
   (You took it off a minotaur in a Gauntlet)
 H - a ring of see invisible (left hand) {sInv, !d}
   (You bought it in a shop on level 2 of the Orcish Mines)
 L - the ring "Kyxutt" {rC+ Str-2 Int+6 Dex+5 Stlth+}
   (You took it off a deep elf death mage on level 3 of the Elven Halls)

   [ring of intelligence]

   Str:       It affects your strength (-2).
   Int:       It affects your intelligence (+6).
   Dex:       It affects your dexterity (+5).
   rC:        It protects you from cold.
   Stlth:     It makes you more stealthy.
Wands
 d - a wand of acid (28)
   (You found it on level 4 of the Lair of Beasts)
 B - a wand of digging (22)
   (You found it on level 9 of the Dungeon)
 F - a wand of iceblast (42)
   (You found it on level 11 of the Dungeon)
 X - a wand of mindburst (24)
   (You found it on level 3 of the Spider Nest)
Scrolls
 f - 4 scrolls of enchant armour
 h - 7 scrolls of blinking {!r}
 k - 2 scrolls of magic mapping {!r}
 s - 5 scrolls of fog
 x - 7 scrolls of fear
 E - 27 scrolls of identify
 G - 10 scrolls of teleportation
 Q - a scroll of silence
 W - 4 scrolls of summoning
Potions
 b - 7 potions of ambrosia
 e - 3 potions of mutation {!q}
 g - 5 potions of berserk rage {!q}
 i - 23 potions of curing
 o - 4 potions of might
 p - 6 potions of lignification {!q}
 t - 5 potions of magic
 K - 5 potions of haste
 M - 6 potions of invisibility
 O - 6 potions of heal wounds
 P - 5 potions of resistance
 R - 5 potions of cancellation
 Z - 3 potions of brilliance
Miscellaneous
 A - a phantom mirror
   (You found it on level 3 of the Elven Halls)
 C - a condenser vane
   (You found it on level 10 of the Dungeon)

▒.▒ ▒▒▒▒8....
▒.▒▒▒▒▒▒▒8.......
▒.......'........
▒.▒▒▒▒▒▒▒8.......
▒.▒...'.▒▒▒......
▒.▒)..▒.▒▒▒......
▒▒▒'▒▒▒.▒.'.'......
▒▒▒.....▒▒▒▒▒▒▒..▒...
▒.z.@z..'.▒ ▒.'......
▒▒▒V.V..▒▒▒ ▒▒▒..▒...
.'.....'.▒ ▒.'......
▒▒▒.....▒▒▒ ▒▒▒..▒...
+.....+ ▒.'...... *
▒.....▒ * ▒▒▒..▒... *
+.....+ ▒.'......
▒.....▒ ▒▒▒..▒...
▒.'......


You could see 2 vampire knights and 2 skeletal warriors.


Message History

The skeletal warrior completely misses you.
You pummel the vampire knight!!
The vampire knight gestures at you while chanting.
You suddenly lose the ability to move!
The skeletal warrior hits you from afar with a +0 halberd!
The skeletal warrior hits you with a +0 battleaxe.
The vampire knight draws life force from you!
The vampire knight is healed by the life force!
The skeletal warrior hits you from afar with a +0 halberd!!
The skeletal warrior hits you with a +0 battleaxe!
The vampire knight hits you with a +0 long sword!
The vampire knight bites you.
The vampire knight hits you with a +0 great sword!!
* * * LOW HITPOINT WARNING * * *
The vampire knight bites you but does no damage.
The skeletal warrior hits you but does no damage.
The skeletal warrior barely misses you.
The vampire knight hits you with a +0 long sword.
* * * LOW HITPOINT WARNING * * *
The vampire knight bites you.
* * * LOW HITPOINT WARNING * * *
The vampire knight draws strength from your injuries!
The vampire knight gestures wildly while chanting.
The vampire knight flickers and vanishes for a moment.
The skeletal warrior hits you from afar with a +0 halberd!
* * * LOW HITPOINT WARNING * * *
The skeletal warrior hits you with a +0 battleaxe!!
* * * LOW HITPOINT WARNING * * *
The vampire knight hits you with a +0 long sword!!
You die...

Action                   |  1- 3 |  4- 6 |  7- 9 | 10-12 | 13-15 | 16-18 | 19-21 | 22-24 || total
-------------------------+-------+-------+-------+-------+-------+-------+-------+-------++-------
Melee: Unarmed           |    80 |   200 |   344 |   640 |  1355 |  1205 |  1304 |  1718 ||  6846
       Kick              |     8 |    12 |    66 |    19 |       |     9 |       |       ||   114
       Headbutt          |     5 |     7 |    51 |    12 |       |     5 |       |       ||    80
       Tailslap          |     2 |    10 |    39 |   108 |   315 |   328 |   321 |   419 ||  1542
       Punch             |       |       |     2 |       |       |    14 |    10 |       ||    26
       Staff             |       |       |     6 |     9 |       |       |       |       ||    15
       Bite              |       |       |       |       |       |       |     3 |       ||     3
       Fustibalus        |       |       |       |       |       |       |     2 |       ||     2
 Fire: Hunting sling     |     6 |    13 |    20 |    20 |   281 |    30 |       |       ||   370
       Fustibalus        |       |       |       |       |       |   758 |   502 |   255 ||  1515
Throw: Stone             |       |       |     1 |     1 |       |       |       |       ||     2
       Javelin           |       |       |       |       |     1 |       |     1 |     7 ||     9
       Throwing net      |       |       |       |       |       |       |     4 |     3 ||     7
 Cast: Beastly Appendage |    18 |    20 |    47 |    10 |       |     1 |       |       ||    96
       Spider Form       |     1 |    21 |     1 |       |       |     1 |       |       ||    24
       Poisonous Vapours |       |       |    78 |    15 |       |       |       |       ||    93
       Sting             |       |       |     2 |       |       |       |       |       ||     2
       Ignite Poison     |       |       |    11 |     6 |    29 |    26 |     7 |       ||    79
       Wereblood         |       |       |    11 |     2 |       |     2 |    11 |     5 ||    31
       Olgreb's Toxic Ra |       |       |     8 |    94 |    80 |    88 |    16 |       ||   286
       Conjure Flame     |       |       |       |     9 |     3 |     5 |       |       ||    17
       Confusing Touch   |       |       |       |       |       |     4 |       |       ||     4
       Mephitic Cloud    |       |       |       |       |       |     8 |    13 |     9 ||    30
       Blade Hands       |       |       |       |       |       |    11 |     5 |     2 ||    18
       Statue Form       |       |       |       |       |       |       |    23 |    19 ||    42
       Dragon Form       |       |       |       |       |       |       |     2 |       ||     2
       Ozocubu's Armour  |       |       |       |       |       |       |       |     2 ||     2
       Borgnjor's Vile C |       |       |       |       |       |       |       |     7 ||     7
       Irradiate         |       |       |       |       |       |       |       |     2 ||     2
Invok: Heroism           |       |       |     2 |    40 |    21 |    23 |    17 |    19 ||   122
       Finesse           |       |       |       |     2 |     3 |     1 |     2 |     2 ||    10
 Abil: Breathe Lightning |       |       |     1 |     1 |     1 |     4 |     2 |       ||     9
       End Transformatio |       |       |     1 |       |       |     1 |     2 |       ||     4
Evoke: Wand              |       |       |     3 |     5 |     3 |       |     3 |     2 ||    16
       Condenser vane    |       |       |       |     2 |     1 |       |       |       ||     3
  Use: Scroll            |     1 |     5 |    10 |     9 |     6 |    20 |     5 |    10 ||    66
       Potion            |       |     1 |     1 |    11 |       |     1 |     2 |     4 ||    20
 Stab: Sleeping          |     1 |       |       |       |     1 |     2 |    23 |    24 ||    51
       Confused          |       |       |       |     2 |       |     9 |    17 |     8 ||    36
       Distracted        |       |       |       |     1 |       |     2 |     3 |     5 ||    11
       Held in net/web   |       |       |       |       |       |       |     3 |     4 ||     7
Armor: Skin              |    23 |    36 |   129 |   204 |   312 |   291 |   298 |   287 ||  1580
Dodge: Dodged            |    57 |   121 |   187 |   286 |   614 |   918 |   796 |  1169 ||  4148
Block: Kite shield       |       |       |   115 |   428 |   890 |  1065 |   989 |   546 ||  4033
       Buckler           |       |       |       |       |       |       |       |   608 ||   608
       Reflection        |       |       |       |       |       |       |       |    10 ||    10

Levels and vault maps discovered:
D:1:      psy_arrival_statuary, layout_basic,
          chequers_ecumenical_altar_simple_redux
D:2:      layout_rooms
D:3:      layout_basic, biasface_ghost_orc_armoury, gup_sewer_entry_spiral,
          kennysheep_minor_cross, minmay_misc_feat_plants,
          chequers_serial_rivers_small_b
D:4:      layout_loops_ring, dk_yredelemnul_ordeal
D:5:      layout_gridville, kennysheep_mini_moat, nicolae_tso_besieged_by_evil,
          serial_shops, shop_statue, wad_rectangle_vault
D:6:      layout_cave_pods, mainiacjoe_overflow_concentric_impassable,
          minmay_temple_entry_enclosed_plants, serial_park, serial_park_avenue1,
          serial_park_tiny_pond
D:7:      layout_rooms, serial_bayou_pond_a
D:8:      lemuel_insect_pit, layout_cave_pods, nicolae_overflow_hidden_temple,
          gammafunk_ghost_necromancy, minmay_misc_feat_iff, grunt_ministairs_1
D:9:      layout_rooms, grunt_temple_overflow_open, amcnicky_mini_pool_small,
          uniq_erolcha
D:10:     layout_big_octagon, lemuel_doored_altar, xom_confusion_cloud,
          dpeg_oklobed_lair
D:11:     regret_index_wax_grids, layout_basic, uniq_harold
D:12:     layout_basic, zombieorc2_lemuel, special_room [special_room_orc],
          chequers_serial_rivers_micro_e, uniq_psyche
D:13:     minmay_heptahexagon, layout_stronghold, uniq_rupert
D:14:     argonaut_augean_stables, layout_rooms,
          hangedman_vaults_entry_quadrant_bands, ebering_ghost_reflecting_pool,
          serial_bayou_lagoon_a, kennysheep_generic_room_7
D:15:     gammafunk_depths_entry_grave, layout_irregular_city,
          chequers_serial_rivers_room_a
Temple:   cyrus_circular_temple
Lair:1:   layout_chaotic_city, nicolae_quartered_pool_little,
          beast_lair_carwin_10, uniq_grum
Lair:2:   layout_regular_city, minmay_swamp_entry_reptiles,
          gammafunk_ghost_berserking_beasts, nicolae_volcano_entry_lava_flow,
          serial_bayou_shore_b
Lair:3:   layout_hall_layers, st_stairs_3, uniq_sonja
Lair:4:   layout_roguey, nicolae_spider_entry_orb_guardian,
          gauntlet_entry_generic, infiniplex_staircase_pool_2, uniq_nergalle
Lair:5:   layout_long_grid, slime_altar_2, infiniplex_staircase_pool,
          grunt_megastairs_5, lemuel_fruit_fields
Lair:6:   due_jungle_book, layout_regular_city, disabler_island,
          serial_bayou_shore_b, lemuel_fruit_tree, serial_bayou_shore_a
Swamp:1:  layout_basic_swamp, evilmike_swamp_ruin_house_6, hangedman_swamp_lotus
Swamp:2:  layout_falls_marsh, evilmike_swamp_ruin_house_2
Swamp:3:  layout_falls_marsh, nicolae_swamp_big_swirl, uniq_kirke
Swamp:4:  swamp_old_school, layout_basic_swamp, swamp_pool1
Spider:1: layout_spider_delve
Spider:2: layout_spider_delve
Spider:3: nicolae_spider_hilbert_zone_1 [nicolae_spider_hilbert_4_sides_1_open,
          nicolae_spider_hilbert_4_sides_1_open,
          nicolae_spider_hilbert_4_sides_1_open,
          nicolae_spider_hilbert_4_sides_1_open,
          nicolae_spider_hilbert_3_sides_1_open,
          nicolae_spider_hilbert_3_sides_1_open,
          nicolae_spider_hilbert_3_sides_1_open,
          nicolae_spider_hilbert_3_sides_1_open,
          nicolae_spider_hilbert_3_sides_1_open,
          nicolae_spider_hilbert_6_sides_1_open,
          nicolae_spider_hilbert_6_sides_1_open,
          nicolae_spider_hilbert_3_sides_1_open,
          nicolae_spider_hilbert_3_sides_1_open,
          nicolae_spider_hilbert_3_sides_1_open,
          nicolae_spider_hilbert_3_sides_1_open,
          nicolae_spider_hilbert_2_sides_1_open]
Spider:4: floodkiller_spider_rune_tomb, uniq_bai_suzhen, uniq_roxanne
Orc:1:    layout_caves, serial_shops, shop
Orc:2:    st_orc_open, layout_diamond_mine, special_room
Elf:1:    eino_elf_arrival_the_gate, layout_geoelf_octagon, serial_shops,
          shop_statue, infiniplex_enter_wizlab_spiral,
          kennysheep_underground_church, minmay_shop_grove
Elf:2:    nicolae_elf_blades_crystal_corner, layout_geoelf_diagonals,
          serial_shops, nicolae_square_shop, lemuel_flame_loot_1
Elf:3:    grunt_elf_hall_spiral, layout_loops_corners, serial_shops,
          nicolae_shop_temple_entry_statues_fountains
Vaults:1: nicolae_vaults_circle_grid_b, ontoclasm_vaults_tryst,
          hangedman_vaults_locks, ontoclasm_vaults_gallery,
          vaults_room_grunt_arrival_checkpoint, vaults_mumra_chevron_long,
          nicolae_vaults_mini_display_case, nicolae_vaults_little_squares_5,
          layout_vaults_omnicross, serial_shops, nicolae_shop_advertising_works
          [nicolae_subvault_shop_adworks]
Vaults:2: ebering_ghost_xom, nicolae_vaults_little_squares_4,
          minmay_crypt_entry_nasty_monster, v_misc_10, v_misc_15,
          grunt_vaults_hallway_short, vaults_mumra_lcd,
          nicolae_vaults_sealed_display, hangedman_vaults_impose,
          vaults_room_stairs_pillars, vaults_mumra_hexcomb,
          ontoclasm_vaults_chip, hangedman_vaults_slice,
          nicolae_vaults_three_branches, layout_vaults_omnigrid
Vaults:3: gammafunk_ghost_wrathful_warriors, nicolae_vaults_circle_grid_b,
          hangedman_vaults_unwind, v_rooms_3, vaults_room_ringed_pool,
          vaults_standard_mumra_enter_the_diamond, hangedman_vaults_slice,
          nicolae_vaults_inception_scallops, nicolae_vaults_circle_grid_b,
          vaults_room_guarded_vault, v_rooms_6, ontoclasm_vaults_ligature,
          vaults_standard_mumra_x, nicolae_vaults_specimen_jars,
          layout_vaults_omnibox, uniq_asterion
Vaults:4: nicolae_vaults_network_barrier, v_misc_18, ontoclasm_vaults_pinch,
          vaults_room_corners, hangedman_vaults_stretched_pinwheel, v_rooms_4,
          ontoclasm_vaults_ring_square, v_misc_24, v_rooms_4,
          ontoclasm_vaults_idyll, layout_vaults_maze_snakey, serial_shops,
          nicolae_shop_crystal
Crypt:1:  layout_gridlike, nicolae_crypt_cryptocurrency,
          grunt_crypt_arrival_webbed
Crypt:2:  minmay_shadows, layout_rooms, serial_sigils_hangedman_shear,
          weyrava_ghost_lake, lemuel_elevator, uniq_boris
Crypt:3:  church_of_pain_bobbens, layout_chaotic_city,
          nicolae_tomb_entry_rubble_hallway
Depths:1: layout_cave_pools, pf_dread_powers_of_hell,
          hangedman_abyss_or_decor_jellyfish_corner, serial_bayou_crossing
Depths:2: evilmike_makhleb_hellhole, layout_cave_pools, enter_ziggurat_a,
          grunt_pan_entry_spiral, minmay_misc_feat_roman, hell_entry,
          nicolae_water_bricks, minmay_misc_feat_columns
Depths:3: minmay_the_grid_four_pointed_star
          [minmay_the_grid_triangle_9x9_zippers_horizontal,
          minmay_the_grid_triangle_9x9_semitri,
          minmay_the_grid_triangle_9x9_tough_junction,
          minmay_the_grid_triangle_9x9_steps,
          minmay_the_grid_prize_four_corners], layout_cave_shapes,
          okawaru_ov_weapons_minmay, hangedman_abyss_entry_splay, hell_entry,
          infiniplex_staircase_split_hallway
Depths:4: grunt_x_marks_the_spot, layout_cave_pools, chequers_decorated_corner,
          hell_entry, nicolae_wooded_promenade, lightli_giant_bouncers

Notes
Turn   | Place    | Note
-------+----------+-------------------------------------------
     0 | D:1      | araganzar the Draconian Transmuter began the quest for the
                  | Orb.
     0 | D:1      | Reached XP level 1. HP: 16/16 MP: 3/3
   155 | D:1      | Found a faded altar of an unknown god.
   428 | D:1      | Reached XP level 2. HP: 18/24 MP: 3/5
   500 | D:1      | Learned a level 2 spell: Wereblood
  1016 | D:2      | Reached skill level 2 in Fighting
  1275 | D:2      | Reached XP level 3. HP: 29/29 MP: 4/6
  1279 | D:2      | Learned a level 3 spell: Spider Form
  1667 | D:2      | Reached skill level 4 in Unarmed Combat
  1667 | D:2      | Reached skill level 1 in Poison Magic
  1903 | D:2      | Reached skill level 2 in Poison Magic
  1903 | D:2      | Reached XP level 4. HP: 34/36 MP: 5/7
  2335 | D:3      | Reached skill level 3 in Transmutations
  2687 | D:3      | Reached XP level 5. HP: 35/41 MP: 3/8
  2696 | D:3      | Found a glowing drain.
  2709 | Sewer    | Entered a sewer
  2870 | Sewer    | Reached skill level 3 in Poison Magic
  3275 | Sewer    | Reached skill level 3 in Spellcasting
  3275 | Sewer    | Reached skill level 3 in Fighting
  3275 | Sewer    | Reached XP level 6. HP: 25/51 MP: 3/10
  3481 | Sewer    | Got the Compendium of the Supportive Oath
  3972 | D:3      | Found a runed translucent gate.
  3973 | D:3      | Found a runed translucent gate.
  3974 | D:3      | Found a runed translucent gate.
  3974 | D:3      | Noticed Skilfsilihog's ghost (amateur OpEE)
  4203 | D:3      | Identified the +4 mace "Xoaqiuru" {elec, SInv}
  4286 | D:4      | Found a runed translucent door.
  4286 | D:4      | Noticed a human
  4294 | D:4      | Found a basalt altar of Yredelemnul.
  4304 | D:4      | Reached skill level 2 in Dodging
  4410 | D:4      | Killed a human
  4411 | D:4      | Reached skill level 5 in Unarmed Combat
  4822 | D:4      | Your scales start taking on a glossy black colour.
  4822 | D:4      | Reached XP level 7. HP: 52/57 MP: 9/11
  4822 | D:4      | Gained mutation: You are resistant to electric shocks.
                  | (rElec) [Black Draconian growth]
  5203 | D:5      | Entered Level 5 of the Dungeon
  5354 | D:4      | Reached skill level 6 in Unarmed Combat
  5485 | D:5      | Found a glowing golden altar of the Shining One.
  5510 | D:5      | Learned a level 2 spell: Poisonous Vapours
  5512 | D:5      | Learned a level 1 spell: Sting
  5529 | D:5      | Reached skill level 4 in Fighting
  5832 | D:5      | Found Ecaot's Jewellery Emporium.
  5983 | D:5      | Reached skill level 1 in Air Magic
  5992 | D:5      | Reached skill level 2 in Air Magic
  6137 | D:4      | Reached skill level 3 in Dodging
  6464 | D:5      | Reached skill level 4 in Poison Magic
  6464 | D:5      | Reached XP level 8. HP: 37/67 MP: 12/12
  6468 | D:5      | Learned a level 3 spell: Ignite Poison
  6644 | D:5      | Found an opulent altar of Gozag.
  7035 | D:6      | Reached skill level 1 in Fire Magic
  7252 | D:6      | Reached skill level 5 in Poison Magic
  7709 | D:6      | Found a shadowy altar of Dithmenos.
  7918 | D:6      | Found a staircase to the Ecumenical Temple.
  7924 | Temple   | Entered the Ecumenical Temple
  7990 | Temple   | Became a worshipper of Warmaster Okawaru
  8011 | D:6      | Found the +2 shield of Resistance {rF++ rC++ Will++}
  8179 | D:7      | Reached skill level 4 in Spellcasting
  8179 | D:7      | Reached skill level 1 in Invocations
  8274 | D:7      | Reached skill level 2 in Invocations
  8320 | D:7      | Reached skill level 1 in Shields
  8414 | D:7      | Reached skill level 2 in Shields
  8641 | D:7      | Reached skill level 3 in Shields
  9081 | D:8      | Reached skill level 4 in Shields
  9303 | D:8      | Reached XP level 9. HP: 64/67 MP: 11/15
  9518 | D:8      | Reached skill level 7 in Unarmed Combat
  9602 | D:5      | Bought a ring of wizardry for 420 gold pieces
  9720 | D:8      | Reached skill level 5 in Fighting
  9860 | D:8      | Paralysed by a hornet for 1 turns
  9861 | D:8      | Reached * piety under Okawaru
 10024 | D:8      | Reached skill level 5 in Shields
 10613 | D:8      | Found a runed translucent gate.
 10613 | D:8      | Found a runed translucent gate.
 10613 | D:8      | Found a runed translucent gate.
 10614 | D:8      | Noticed Jatjacob's ghost (novice MiBe)
 10661 | D:8      | Found a runed translucent door.
 10663 | D:8      | Found a runed translucent door.
 10703 | D:8      | Reached skill level 6 in Shields
 10927 | D:8      | Found a shimmering blue altar of Sif Muna.
 11385 | D:9      | Noticed Erolcha
 11561 | D:9      | Reached skill level 7 in Shields
 11745 | D:9      | Found a hide-covered altar of Uskayaw.
 11753 | D:9      | Found a snail-covered altar of Cheibriados.
 11976 | D:9      | Reached skill level 8 in Shields
 11983 | D:9      | Reached ** piety under Okawaru
 12156 | D:9      | Learned a level 4 spell: Olgreb's Toxic Radiance
 12468 | D:10     | Entered Level 10 of the Dungeon
 12554 | D:10     | Noticed a two-headed ogre
 12835 | D:10     | Reached XP level 10. HP: 73/81 MP: 2/16
 12931 | D:10     | Reached skill level 8 in Unarmed Combat
 12988 | D:10     | Found a staircase to the Lair.
 13159 | D:9      | Killed Erolcha
 13159 | D:9      | Reached *** piety under Okawaru
 13160 | D:9      | Reached skill level 6 in Poison Magic
 13221 | D:10     | Killed a two-headed ogre
 13222 | D:10     | Reached skill level 9 in Unarmed Combat
 13378 | D:10     | Noticed a two-headed ogre
 13649 | D:10     | Killed a two-headed ogre
 13650 | D:10     | Reached skill level 6 in Fighting
 13650 | D:10     | Reached skill level 4 in Dodging
 13701 | D:10     | Found a glowing silver altar of Zin.
 13792 | D:10     | Gained mutation: Your spells are a little easier to cast,
                  | but a little less powerful. [potion of mutation]
 13792 | D:10     | Gained mutation: You passively map a small area around you.
                  | [potion of mutation]
 13792 | D:10     | Gained mutation: You are strong-willed. (Will+) [potion of
                  | mutation]
 13804 | D:11     | Noticed a white ugly thing
 14295 | D:10     | Found a shimmering altar of Xom.
 14404 | Lair:1   | Entered Level 1 of the Lair of Beasts
 14456 | Lair:1   | Reached skill level 10 in Unarmed Combat
 14461 | Lair:1   | Reached **** piety under Okawaru
 14547 | Lair:1   | Noticed a cane toad
 14556 | Lair:1   | Noticed a six-headed hydra
 14568 | Lair:1   | Killed a cane toad
 14569 | Lair:1   | Reached skill level 7 in Fighting
 14569 | Lair:1   | Reached skill level 1 in Slings
 14595 | Lair:1   | Killed a six-headed hydra
 14596 | Lair:1   | Reached skill level 3 in Slings
 14596 | Lair:1   | Reached XP level 11. HP: 32/92 MP: 9/17
 14815 | Lair:1   | Reached skill level 4 in Slings
 15163 | Lair:1   | Noticed a death yak
 15168 | Lair:1   | Noticed a death yak
 15168 | Lair:1   | Noticed a death yak
 15169 | Lair:1   | Noticed a death yak
 15170 | Lair:1   | Noticed a death yak
 15238 | D:10     | Killed a death yak
 15498 | Lair:1   | Noticed a four-headed hydra
 15580 | D:9      | HP: 4/92 [death yak (24)]
 16083 | D:10     | Reached skill level 5 in Dodging
 16518 | D:11     | Noticed a white ugly thing
 16540 | D:10     | Reached skill level 5 in Slings
 16947 | D:11     | Noticed a two-headed ogre
 17307 | D:11     | Reached skill level 6 in Slings
 17804 | D:11     | Noticed a boulder beetle
 17807 | D:11     | Killed a two-headed ogre
 17987 | D:11     | Killed a boulder beetle
 17987 | D:11     | Reached ***** piety under Okawaru
 18352 | D:11     | Received a gift from Okawaru
 18353 | D:11     | Reached skill level 3 in Invocations
 18442 | D:11     | Noticed a boulder beetle
 18553 | D:11     | Reached skill level 4 in Invocations
 18588 | D:11     | Noticed a boulder beetle
 18597 | D:11     | Killed a boulder beetle
 18597 | D:11     | Received a gift from Okawaru
 18598 | D:11     | Reached skill level 5 in Invocations
 18655 | D:10     | HP: 9/92 [killer bee (6)]
 19091 | D:11     | Noticed a centaur warrior
 19130 | D:11     | Killed a centaur warrior
 19131 | D:11     | Reached skill level 9 in Shields
 19385 | D:11     | Killed a white ugly thing
 19386 | D:11     | Reached XP level 12. HP: 81/100 MP: 3/18
 19653 | D:11     | Killed a boulder beetle
 19782 | D:11     | Noticed Harold
 19956 | D:12     | Reached skill level 10 in Shields
 20025 | D:12     | Received a gift from Okawaru
 20034 | D:12     | Reached skill level 11 in Unarmed Combat
 20177 | D:12     | Learned a level 3 spell: Conjure Flame
 20545 | D:11     | Reached skill level 1 in Conjurations
 20723 | D:11     | Reached skill level 2 in Fire Magic
 20783 | D:11     | Killed Harold
 20784 | D:11     | Reached skill level 2 in Conjurations
 20979 | D:11     | Noticed a two-headed ogre
 21432 | D:12     | Noticed an eight-headed hydra
 21679 | D:12     | Reached skill level 12 in Unarmed Combat
 21854 | D:12     | Noticed Psyche
 22263 | D:10     | Killed a death yak
 22407 | D:10     | Killed a death yak
 22432 | D:10     | Killed a death yak
 22433 | D:10     | Reached skill level 6 in Dodging
 22868 | Lair:1   | Killed a four-headed hydra
 22869 | Lair:1   | Reached skill level 8 in Fighting
 23402 | Lair:1   | Identified the +2 hunting sling "Tydijie" {freeze, Str+7
                  | Stlth-} (Okawaru gifted it to you on level 1 of the Lair of
                  | Beasts)
 23402 | Lair:1   | Received a gift from Okawaru
 23444 | Lair:1   | Noticed Grum
 23499 | Lair:1   | Killed Grum
 23854 | Lair:2   | Reached XP level 13. HP: 91/107 MP: 2/19
 23861 | Lair:2   | Reached skill level 7 in Slings
 24250 | Lair:2   | Found a dark tunnel.
 24261 | Volcano  | Entered a volcano
 24335 | Volcano  | Identified the +0 pair of boots of Dithmenos's Whim {Dex+3}
 24539 | Volcano  | Noticed a stone giant
 24559 | Volcano  | Killed a stone giant
 24996 | D:5      | Bought an amulet of regeneration for 420 gold pieces
 25153 | Lair:2   | Reached skill level 8 in Slings
 25288 | Lair:2   | Found a staircase to the Swamp.
 25382 | Lair:2   | Found a transporter.
 25392 | Lair:2   | Noticed Pamiuf's ghost (journeyman KoSu)
 25405 | Lair:2   | Found a transporter.
 26071 | Lair:3   | Received a gift from Okawaru
 26072 | Lair:3   | Reached skill level 9 in Slings
 26095 | Lair:3   | Noticed Sonja
 26193 | Lair:3   | Killed Sonja
 26721 | Lair:3   | Reached skill level 10 in Slings
 27395 | Lair:4   | Noticed Nergalle
 27507 | Lair:4   | Identified the +1 pair of gloves of Edeicivoqe {Dex+5}
                  | (Okawaru gifted it to you on level 4 of the Lair of Beasts)
 27507 | Lair:4   | Received a gift from Okawaru
 27508 | Lair:4   | Reached skill level 7 in Dodging
 27530 | Lair:4   | Found a gate leading to a gauntlet.
 27579 | Gauntlet | Entered a Gauntlet
 27579 | Gauntlet | Found a transporter.
 27588 | Gauntlet | Found a transporter.
 27590 | Gauntlet | Found a transporter.
 27592 | Gauntlet | Found a transporter.
 27594 | Gauntlet | Found a transporter.
 27596 | Gauntlet | Found a transporter.
 27603 | Gauntlet | Found a transporter.
 27603 | Gauntlet | Found the amulet of the Four Winds {rN+ Will+++ Clar}
 27627 | Gauntlet | Found a transporter.
 27627 | Gauntlet | Noticed a green death
 27645 | Gauntlet | Found a transporter.
 27649 | Gauntlet | Found a transporter.
 27649 | Gauntlet | Noticed a cacodemon
 27657 | Gauntlet | Found a transporter.
 27733 | Gauntlet | Found a transporter.
 27772 | Gauntlet | Identified the -5 hat of Shielding {+Blink rPois Will+}
 27786 | Gauntlet | Identified the +1 cloak of Oblivion {rF+ rC+ rN+ Regen+}
 27806 | Gauntlet | Reached skill level 9 in Fighting
 27835 | Gauntlet | Noticed a minotaur
 27843 | Gauntlet | Killed a minotaur
 27878 | Gauntlet | Got the Catalogue of the Snowflakes
 27991 | Lair:4   | Identified the +6 short sword of Sionlott {venom, rF+
                  | Str+2}
 28176 | Lair:4   | Killed Nergalle
 28370 | Lair:4   | Found a hole to the Spider Nest.
 28376 | Lair:4   | Reached skill level 8 in Dodging
 28582 | Lair:4   | Reached skill level 11 in Slings
 28847 | Lair:4   | Identified the +1 ring mail "Vozygg" {+Blink}
 29110 | Lair:4   | Reached skill level 12 in Slings
 29119 | Lair:4   | Gained mutation: Your large and strong wings let you fly.
                  | [Black Draconian growth]
 29119 | Lair:4   | Reached XP level 14. HP: 118/118 MP: 20/20
 29307 | Lair:5   | Found a runed translucent door.
 29308 | Lair:5   | Found a viscous altar of Jiyva.
 29362 | Lair:5   | Found a staircase to the Slime Pits.
 29430 | Lair:5   | Received a gift from Okawaru
 29864 | Lair:6   | Entered Level 6 of the Lair of Beasts
 30158 | Lair:6   | Reached skill level 10 in Fighting
 30182 | Lair:6   | Reached skill level 9 in Dodging
 30385 | Lair:6   | Reached skill level 13 in Unarmed Combat
 30430 | Lair:6   | Received a gift from Okawaru
 30440 | Lair:6   | Reached ****** piety under Okawaru
 30631 | Lair:6   | Paralysed by a floating eye for 2 turns
 30643 | Lair:6   | Paralysed by a floating eye for 2 turns
 31036 | Lair:6   | Reached skill level 14 in Unarmed Combat
 31115 | Lair:6   | Received a gift from Okawaru
 31286 | Lair:6   | Reached skill level 11 in Fighting
 31387 | Lair:6   | Received a gift from Okawaru
 31413 | Lair:6   | Received a gift from Okawaru
 31479 | Lair:6   | Reached skill level 12 in Fighting
 31655 | Lair:6   | Got Kikubaaqudgh's Papyrus of Evil Arts
 32247 | D:12     | Found a staircase to the Orcish Mines.
 32358 | D:12     | Received a gift from Okawaru
 32650 | D:12     | Killed Psyche
 32784 | D:13     | Reached XP level 15. HP: 132/132 MP: 21/21
 32846 | D:13     | Noticed Rupert
 32857 | D:13     | Killed Rupert
 32857 | D:13     | Received a gift from Okawaru
 32858 | D:13     | Reached skill level 11 in Shields
 33120 | D:13     | Identified the +2 hat of Fallacy {rElec Dex+4} (Okawaru
                  | gifted it to you on level 13 of the Dungeon)
 33120 | D:13     | Received a gift from Okawaru
 33177 | D:13     | Noticed a sphinx
 33204 | D:12     | Killed a sphinx
 33276 | D:13     | Reached skill level 12 in Shields
 33569 | D:13     | Reached skill level 10 in Dodging
 33802 | D:13     | Noticed a storm dragon
 33849 | D:13     | Killed a storm dragon
 34077 | D:13     | Identified the +0 buckler of the Lumpy Blessings {-Tele
                  | Rampage Int+5}
 34357 | D:13     | Reached skill level 15 in Unarmed Combat
 34873 | D:14     | Received a gift from Okawaru
 34896 | D:14     | You are sucked into a shaft and drop 1 floor!
 34896 | D:15     | Entered Level 15 of the Dungeon
 35057 | D:14     | Found a runed translucent door.
 35066 | D:14     | Reached skill level 13 in Fighting
 35182 | D:14     | Noticed dontdoit's ghost (journeyman TeBe)
 35225 | D:14     | Received a gift from Okawaru
 35230 | D:14     | Reached skill level 1 in Evocations
 35406 | D:14     | Identified the +0 cloak of Inganam {Harm *Slow Will+ Str+4}
                  | (Okawaru gifted it to you on level 14 of the Dungeon)
 35406 | D:14     | Received a gift from Okawaru
 35413 | D:14     | Reached skill level 2 in Evocations
 35469 | D:14     | Found a gate to the Vaults.
 35607 | D:14     | Reached XP level 16. HP: 123/144 MP: 4/22
 35632 | D:14     | Reached skill level 3 in Evocations
 35995 | D:15     | Learned a level 3 spell: Confusing Touch
 36133 | D:15     | Reached skill level 1 in Hexes
 36364 | D:15     | Reached skill level 4 in Evocations
 36377 | D:15     | Reached skill level 2 in Hexes
 36385 | D:15     | Found a staircase to the Depths.
 36822 | D:15     | Reached skill level 14 in Fighting
 36831 | D:15     | Reached skill level 11 in Dodging
 37023 | Orc:1    | Entered Level 1 of the Orcish Mines
 37049 | Orc:1    | Reached skill level 3 in Hexes
 37275 | Orc:1    | Found Beagalyt's Antique Armour Shoppe.
 37563 | Orc:2    | Entered Level 2 of the Orcish Mines
 37566 | Orc:2    | Reached skill level 4 in Hexes
 37611 | Orc:1    | Bought the +2 hood of the Assassin {Detection Stab+
                  | Stlth++} for 1620 gold pieces
 37611 | Orc:1    | Found the +2 hood of the Assassin {Detection Stab+ Stlth++}
 37639 | Orc:2    | Found a staircase to the Elven Halls.
 37776 | Orc:2    | Received a gift from Okawaru
 37784 | Orc:2    | Reached skill level 1 in Stealth
 37922 | Orc:2    | Found Ewiogeoll's Distillery.
 37940 | Orc:2    | Reached skill level 2 in Stealth
 38011 | Orc:2    | Reached skill level 3 in Stealth
 38035 | Orc:2    | Received a gift from Okawaru
 38151 | Orc:2    | Reached skill level 4 in Stealth
 38166 | Orc:2    | Found Xahel's Book Shoppe.
 38210 | Orc:2    | Found Zomacw's Assorted Antiques.
 38215 | Orc:2    | Bought a potion of might for 68 gold pieces
 38286 | Orc:2    | Found Zig Zuca's Jewellery Shoppe.
 38294 | Orc:2    | Bought a ring of see invisible for 165 gold pieces
 38593 | Orc:2    | Bought a potion of heal wounds for 140 gold pieces
 38901 | Lair:2   | Killed Pamiuf's ghost
 38915 | Lair:2   | Identified the amulet of Eghoob {RegenMP Drain rN+ Dex+8}
 39112 | Spider:1 | Entered Level 1 of the Spider Nest
 39197 | Spider:1 | Reached skill level 13 in Shields
 39367 | Spider:1 | You are sucked into a shaft and drop 1 floor!
 39401 | Spider:2 | Received a gift from Okawaru
 39458 | Spider:2 | Reached skill level 13 in Slings
 39531 | Spider:1 | Received a gift from Okawaru
 40136 | Spider:2 | Reached skill level 14 in Slings
 40215 | Spider:2 | Reached XP level 17. HP: 147/152 MP: 16/23
 40784 | Spider:2 | Reached skill level 5 in Spellcasting
 40925 | Spider:3 | Received a gift from Okawaru
 40943 | Spider:3 | Reached skill level 7 in Poison Magic
 40984 | Spider:3 | Got the Tome of Gliding Confrontation
 40989 | Spider:3 | Learned a level 3 spell: Mephitic Cloud
 41225 | Spider:3 | Reached skill level 6 in Spellcasting
 41503 | Spider:3 | Reached skill level 4 in Transmutations
 41698 | Spider:3 | Reached skill level 5 in Transmutations
 41858 | Spider:3 | Identified the ring "Ysah" {+Blink rPois rF- rN+}
 41969 | Spider:3 | Identified the +11 flail "Xeacoan" {flame, Fly}
 42165 | Spider:3 | Reached skill level 6 in Transmutations
 42427 | Lair:1   | Learned a level 5 spell: Blade Hands
 42482 | Swamp:1  | Entered Level 1 of the Swamp
 42482 | Swamp:1  | Noticed a tentacled monstrosity
 42510 | Swamp:1  | Killed a tentacled monstrosity
 42603 | Swamp:1  | Reached skill level 5 in Stealth
 42761 | Swamp:1  | Identified the +0 cloak "Atyotin" {Str+3 SInv} (Okawaru
                  | gifted it to you on level 1 of the Swamp)
 42761 | Swamp:1  | Received a gift from Okawaru
 42996 | Swamp:1  | Reached skill level 7 in Transmutations
 43362 | Swamp:1  | Reached skill level 14 in Shields
 43468 | Swamp:2  | Noticed a tentacled monstrosity
 43479 | Swamp:2  | Killed a tentacled monstrosity
 43586 | Swamp:2  | HP: 13/154 [eleionoma/spray of wooden splinters (27)]
 44166 | Swamp:3  | Reached skill level 15 in Fighting
 44745 | Swamp:3  | Reached XP level 18. HP: 158/163 MP: 27/27
 44784 | Swamp:3  | Noticed Kirke
 44794 | Swamp:3  | Killed Kirke
 44977 | Swamp:4  | Entered Level 4 of the Swamp
 45127 | Swamp:4  | Reached skill level 15 in Shields
 45215 | Swamp:4  | Received a gift from Okawaru
 45299 | Swamp:4  | Reached skill level 6 in Invocations
 45617 | Swamp:4  | Noticed the 27-headed Lernaean hydra
 45689 | Swamp:4  | Killed the 27-headed Lernaean hydra
 45820 | Swamp:4  | Reached skill level 16 in Unarmed Combat
 46009 | Swamp:4  | Got a decaying rune of Zot
 46407 | Spider:4 | Entered Level 4 of the Spider Nest
 46494 | Spider:4 | Noticed Bai Suzhen
 46507 | Spider:4 | Killed Bai Suzhen
 46507 | Spider:4 | Received a gift from Okawaru
 46531 | Spider:4 | Noticed Roxanne
 46545 | Spider:4 | Killed Roxanne
 46561 | Spider:4 | Learned a level 6 spell: Statue Form
 46608 | Spider:4 | Received a gift from Okawaru
 46622 | Spider:4 | Reached skill level 1 in Earth Magic
 46780 | Spider:4 | Reached skill level 2 in Earth Magic
 46886 | Spider:4 | Reached skill level 3 in Earth Magic
 47180 | Spider:4 | Received a gift from Okawaru
 47188 | Spider:4 | Reached skill level 4 in Earth Magic
 47432 | Spider:4 | Reached skill level 5 in Earth Magic
 48013 | Spider:4 | Reached skill level 8 in Transmutations
 48149 | Spider:4 | Received a gift from Okawaru
 48186 | Spider:4 | Got a gossamer rune of Zot
 48556 | Vaults:1 | Entered Level 1 of the Vaults
 48717 | Vaults:1 | Identified the +6 hunting sling "Paogesi" {vorpal, rPois}
                  | (Okawaru gifted it to you on level 1 of the Vaults)
 48717 | Vaults:1 | Received a gift from Okawaru
 48733 | Vaults:1 | Reached XP level 19. HP: 170/170 MP: 28/28
 48848 | Vaults:1 | Reached skill level 9 in Transmutations
 48848 | Vaults:1 | Reached skill level 6 in Earth Magic
 49363 | Vaults:1 | Found Caeckaen's Antique Weapon Shoppe.
 49430 | Vaults:1 | Reached skill level 7 in Spellcasting
 49985 | Vaults:2 | Received a gift from Okawaru
 50365 | Vaults:2 | Found a runed translucent door.
 50365 | Vaults:2 | Found a shimmering altar of Xom.
 50365 | Vaults:2 | Noticed corvin's ghost (veteran TrBe)
 50410 | Vaults:2 | Reached skill level 10 in Transmutations
 50410 | Vaults:2 | Reached skill level 7 in Earth Magic
 50564 | Vaults:2 | Received a gift from Okawaru
 50682 | Vaults:2 | Noticed a bone dragon
 50685 | Vaults:2 | Found a staircase to the Crypt.
 50690 | Vaults:2 | Killed a bone dragon
 50691 | Vaults:2 | Reached skill level 8 in Spellcasting
 51130 | Vaults:2 | HP: 2/170 [vault warden (40)]
 51366 | Vaults:2 | Reached skill level 8 in Earth Magic
 51849 | Vaults:3 | Reached skill level 11 in Transmutations
 52233 | Vaults:3 | You are sucked into a shaft and drop 1 floor!
 52261 | Vaults:4 | Found Byept's General Store.
 52274 | Vaults:4 | Bought a potion of heal wounds for 80 gold pieces
 52274 | Vaults:4 | Bought a potion of might for 64 gold pieces
 52290 | Vaults:3 | Noticed Asterion
 52300 | Vaults:3 | Killed Asterion
 52301 | Vaults:3 | Reached skill level 12 in Transmutations
 52311 | Vaults:3 | Found a transporter.
 52315 | Vaults:3 | Found a bloodstained altar of Trog.
 52316 | Vaults:3 | Found a transporter.
 52316 | Vaults:3 | Noticed Viqiklu's ghost (veteran HOGl)
 52685 | Vaults:3 | Identified the -6 pair of gloves "Sudghel" {rN+ Str+4}
                  | (Okawaru gifted it to you on level 3 of the Vaults)
 52685 | Vaults:3 | Received a gift from Okawaru
 52692 | Vaults:3 | Reached XP level 20. HP: 149/178 MP: 29/32
 52732 | Vaults:3 | Reached skill level 6 in Stealth
 53030 | Vaults:3 | Identified the +10 falchion of Kaar {freeze, *Rage rElec
                  | rF+ MP+9 Stlth+}
 53345 | Vaults:4 | Reached skill level 9 in Spellcasting
 53532 | Vaults:4 | Reached skill level 7 in Stealth
 53604 | Vaults:4 | Reached skill level 13 in Transmutations
 54149 | Vaults:4 | Reached skill level 8 in Stealth
 54150 | Vaults:4 | Received a gift from Okawaru
 54158 | Vaults:4 | Reached skill level 10 in Spellcasting
 54184 | Vaults:4 | Received a gift from Okawaru
 54451 | Vaults:4 | Reached skill level 9 in Stealth
 54927 | Depths:1 | Entered Level 1 of the Depths
 54989 | Depths:1 | Reached skill level 10 in Stealth
 54993 | Depths:1 | Received a gift from Okawaru
 55008 | Depths:1 | Reached skill level 12 in Dodging
 55203 | Depths:1 | You are sucked into a shaft and drop 1 floor!
 55205 | Depths:2 | Found a one-way gateway to a ziggurat.
 55276 | Depths:1 | HP: 16/231 [disintegration (31)]
 55482 | Depths:1 | Found a gateway to Hell.
 55508 | Depths:1 | Reached skill level 13 in Dodging
 55719 | Depths:1 | Identified a scroll of acquirement
 55842 | Depths:1 | Acquired 338 gold pieces
 55881 | Depths:1 | Identified the +7 shortbow "Killer Bee's Death" {freeze,
                  | rF+ Int+2}
 55989 | Depths:1 | Learned a level 5 spell: Borgnjor's Vile Clutch
 55997 | Depths:1 | Learned a level 7 spell: Dragon Form
 56050 | Depths:2 | Reached skill level 1 in Necromancy
 56126 | Depths:2 | Reached XP level 21. HP: 184/184 MP: 31/35
 56133 | Depths:2 | Received a gift from Okawaru
 56148 | Depths:2 | Reached skill level 2 in Necromancy
 56381 | Depths:2 | Reached skill level 3 in Necromancy
 56406 | Depths:2 | Received a gift from Okawaru
 56452 | Depths:2 | Reached skill level 4 in Necromancy
 56617 | Depths:2 | Found a burning altar of Makhleb.
 56738 | Depths:2 | Received a gift from Okawaru
 56750 | Depths:2 | Gained mutation: Your magical capacity is low. (-10% MP) [a
                  | cacodemon]
 56985 | Depths:2 | Reached skill level 5 in Necromancy
 57030 | Depths:2 | Found a one-way gate leading to the halls of Pandemonium.
 57060 | Depths:2 | Received a gift from Okawaru
 57072 | Depths:2 | Reached skill level 17 in Unarmed Combat
 57323 | Depths:3 | Found a one-way gate to the infinite horrors of the Abyss.
 57453 | Depths:3 | Reached skill level 6 in Necromancy
 57526 | Depths:3 | Found a runed translucent door.
 57526 | Depths:3 | Found a runed translucent door.
 57571 | Depths:3 | Received a gift from Okawaru
 57660 | Depths:3 | Noticed a caustic shrike
 57660 | Depths:3 | Noticed a caustic shrike
 57672 | Depths:3 | Killed a caustic shrike
 57677 | Depths:3 | Killed a caustic shrike
 57898 | Depths:3 | Reached skill level 18 in Unarmed Combat
 57934 | Depths:3 | Found an iron altar of Okawaru.
 58532 | Depths:4 | Entered Level 4 of the Depths
 58619 | Depths:4 | Noticed a golden dragon
 58711 | Depths:4 | Killed a golden dragon
 58723 | Depths:4 | Received a gift from Okawaru
 58866 | Depths:4 | Noticed a caustic shrike
 58874 | Depths:4 | Killed a caustic shrike
 58880 | Depths:4 | Noticed a caustic shrike
 58891 | Depths:4 | Noticed a caustic shrike
 58891 | Depths:4 | Noticed a caustic shrike
 58891 | Depths:4 | Noticed a caustic shrike
 58899 | Depths:4 | Killed a caustic shrike
 58905 | Depths:4 | Killed a caustic shrike
 58914 | Depths:4 | Killed a caustic shrike
 58920 | Depths:4 | Killed a caustic shrike
 58920 | Depths:4 | Received a gift from Okawaru
 58921 | Depths:4 | Reached skill level 9 in Earth Magic
 58936 | Depths:4 | Reached skill level 16 in Fighting
 59118 | Depths:4 | Found a runed translucent door.
 59201 | Depths:4 | Reached XP level 22. HP: 184/196 MP: 32/32
 59291 | Depths:4 | Noticed a golden dragon
 59300 | Depths:4 | Killed a golden dragon
 59470 | Depths:4 | Found Nuteutui's Antique Armour Emporium.
 59470 | Depths:4 | Found Xukh's Armour Boutique.
 59484 | Depths:4 | Found Caacw's Book Shoppe.
 59484 | Depths:4 | Found Iloroun's Weapon Shop.
 59486 | Depths:4 | Found Xugries's Magic Scroll Emporium.
 59486 | Depths:4 | Found Saurrull's Jewellery Boutique.
 59494 | Depths:4 | Bought 2 scrolls of blinking for 315 gold pieces
 59494 | Depths:4 | Bought a scroll of teleportation for 63 gold pieces
 59556 | Depths:4 | Found a gate to the Realm of Zot.
 60023 | Depths:4 | Reached skill level 17 in Fighting
 60184 | Depths:4 | Bought the -2 hat of the Alchemist {rElec rPois rF+ rC+ rN+
                  | Will+ rMut rCorr} for 1746 gold pieces
 60184 | Depths:4 | Found the -2 hat of the Alchemist {rElec rPois rF+ rC+ rN+
                  | Will+ rMut rCorr}
 60411 | Orc:2    | Bought a potion of haste for 170 gold pieces
 60411 | Orc:2    | Bought a potion of resistance for 170 gold pieces
 60861 | Lair:1   | Learned a level 5 spell: Irradiate
 60974 | D:8      | Killed Jatjacob's ghost
 61285 | Elf:1    | Entered Level 1 of the Elven Halls
 61300 | Elf:1    | Paralysed by an air elemental for 1 turns
 61339 | Elf:1    | Found Nuras's Magic Scroll Shop.
 61347 | Elf:1    | Bought a scroll of teleportation for 54 gold pieces
 61401 | Elf:1    | Found a magical portal.
 61406 | WizLab   | Entered Alistair's Party Mansion
 61437 | WizLab   | Reached skill level 19 in Unarmed Combat
 61644 | WizLab   | Received a gift from Okawaru
 61664 | WizLab   | Acquired 765 gold pieces
 61769 | WizLab   | Reached skill level 11 in Spellcasting
 61959 | Elf:1    | Learned a level 3 spell: Ozocubu's Armour
 62075 | Elf:1    | Reached skill level 1 in Ice Magic
 62288 | Elf:1    | Reached skill level 2 in Ice Magic
 62449 | Elf:1    | Found Athaxkog's Jewellery Emporium.
 62453 | Elf:1    | Found Fumpoz's Book Boutique.
 62455 | Elf:1    | Found Imust's Jewellery Emporium.
 62463 | Elf:1    | Received a gift from Okawaru
 62563 | Elf:1    | Bought a book of Frost for 396 gold pieces
 62782 | Elf:2    | Found Sodghenil's Antique Weapon Emporium.
 62804 | Elf:2    | Reached skill level 3 in Ice Magic
 62868 | Elf:2    | Identified the +5 hand crossbow of Diahoac {vorpal, rElec
                  | rF+ rN+}
 63163 | Elf:2    | Reached skill level 4 in Ice Magic
 63288 | Elf:2    | Found a runed translucent gate.
 63289 | Elf:2    | Found a runed translucent gate.
 63289 | Elf:2    | Found a runed translucent gate.
 63615 | Elf:2    | Received a gift from Okawaru
 63616 | Elf:2    | Reached skill level 18 in Fighting
 63616 | Elf:2    | Reached skill level 5 in Ice Magic
 63666 | Elf:2    | Reached skill level 6 in Ice Magic
 64063 | Elf:3    | Entered Level 3 of the Elven Halls
 64417 | Elf:3    | Received a gift from Okawaru
 64626 | Elf:3    | Reached XP level 23. HP: 189/209 MP: 34/34
 64646 | Elf:3    | Identified the +3 scale mail of Renorr {+Blink Int-3 Dex+3}
 65021 | Elf:3    | Reached skill level 20 in Unarmed Combat
 65225 | Elf:3    | Identified the ring "Kyxutt" {rC+ Str-2 Int+6 Dex+5 Stlth+}
 65425 | Elf:3    | Identified the +2 rapier "Jellyslayer" {venom, rPois}
 65523 | Elf:3    | Identified the +0 short sword of Megalomania {pain, rCorr
                  | Dex+3}
 65534 | Elf:3    | Got the Compendium of Ensnaring Shape Shifting
 65571 | Elf:3    | Identified the +0 plate armour of Beauty {-Tele Rampage
                  | rN++ SInv}
 65646 | Elf:3    | Found Recilut's Magic Scroll Emporium.
 65656 | Elf:3    | Bought a scroll of teleportation for 54 gold pieces
 65656 | Elf:3    | Bought a scroll of teleportation for 54 gold pieces
 65780 | Elf:3    | Identified the +2 arbalest "Nurchimi" {penet, +Blink}
 65801 | Elf:3    | Identified the +5 spear of the Vestibule of Hell {venom,
                  | rElec Will+}
 66145 | Elf:3    | Reached skill level 19 in Fighting
 66542 | Orc:1    | Bought the +3 warlock's mirror {reflect} for 1080 gold
                  | pieces
 66542 | Orc:1    | Found the +3 warlock's mirror {reflect}
 66695 | Crypt:1  | Entered Level 1 of the Crypt
 67232 | Crypt:1  | Reached skill level 20 in Fighting
 67240 | Crypt:1  | Identified the +9 hunting sling of Awkwardness {flame, rC+
                  | rN++ Str-5 Int+3} (Okawaru gifted it to you on level 1 of
                  | the Crypt)
 67240 | Crypt:1  | Received a gift from Okawaru
 67931 | Crypt:3  | Entered Level 3 of the Crypt
 68447 | Crypt:2  | Reached skill level 14 in Dodging
 68712 | Crypt:2  | Noticed Boris
 68838 | Crypt:2  | Received a gift from Okawaru
 68916 | Crypt:2  | Killed Boris
 69158 | Crypt:2  | Reached skill level 15 in Dodging
 69372 | Crypt:2  | Received a gift from Okawaru
 69375 | Crypt:2  | Reached skill level 5 in Evocations
 69722 | Crypt:3  | Reached XP level 24. HP: 113/224 MP: 34/34
 69880 | Crypt:3  | Reached skill level 6 in Evocations
 69956 | Crypt:3  | Identified the +8 dire flail of Eternal Night {flame, rPois
                  | Will++}
 69965 | Crypt:3  | Reached skill level 7 in Invocations
 70007 | Crypt:3  | Identified the +1 hat "Norid" {Rampage Dex+2} (Okawaru
                  | gifted it to you on level 3 of the Crypt)
 70007 | Crypt:3  | Received a gift from Okawaru
 70138 | Crypt:3  | Reached skill level 7 in Evocations
 70141 | Crypt:3  | Identified the amulet "Raiven" {+Inv rC+ Regen+ Int+3
                  | Dex+2}
 70141 | Crypt:3  | Noticed Jory
 70160 | Crypt:3  | Killed Jory
 70161 | Crypt:3  | Reached skill level 16 in Shields
 70164 | Crypt:3  | Reached skill level 8 in Invocations
 70246 | Crypt:3  | Identified the ring of Qofeuxkel {rPois rN+}
 70246 | Crypt:3  | Identified the ring of Cabil {rPois rN+ MP+9 Dex+3}
 70288 | Crypt:3  | Found an ancient bone altar of Kikubaaqudgha.
 70544 | Crypt:3  | Reached skill level 8 in Evocations
 70566 | Crypt:3  | Paralysed by a vampire knight for 4 turns
 70570 | Crypt:3  | HP: 4/192 [skeletal warrior (19)]
 70570 | Crypt:3  | Demolished by a vampire knight

Vanquished Creatures
  the Lernaean hydra (Swamp:4)
  Boris (Crypt:2)
  Bai Suzhen (Spider:4)
  7 caustic shrikes
  Jory (Crypt:3)
  2 golden dragons (Depths:4)
  A bone dragon (Vaults:2)
  A Brimstone Fiend (Depths:2)
  2 tentacled monstrosities
  Rupert (D:13)
  5 liches
  5 titans
  2 deep elf blademasters
  Asterion (Vaults:3)
  2 deep elf master archers (Elf:3)
  A walking divine tome (Depths:3)
  4 sphinxes
  3 ancient champions (Crypt:3)
  Kirke (Swamp:3)
  2 storm dragons
  3 revenants
  A shadow dragon (Depths:4)
  A tengu reaver (Depths:4)
  3 nagarajas (WizLab)
  Roxanne (Spider:4)
  11 frost giants
  8 emperor scorpions
  8 fire giants
  5 ghost moths
  2 cacodemons (Depths:2)
  5 deep elf sorcerers
  5 vault wardens
  5 curse skulls
  A draconian scorcher (Depths:4)
  A balrug (Depths:1)
  A spriggan defender (Depths:3)
  4 deep elf elementalists
  A draconian annihilator (Depths:4)
  2 reapers
  12 ironbound preservers
  3 demonspawn corrupters (WizLab)
  11 ghouls
  A broodmother (Spider:3)
  5 stone giants
  5 ironbound thunderhulks
  13 very ugly things
  A green draconian (Depths:4)
  10 eleionomae
  22 dire elephants
  8 deep elf demonologists
  2 white draconians (Depths:4)
  2 entropy weavers
  13 vampire knights
  3 bunyips
  8 deep elf annihilators
  9 spark wasps
  A yellow draconian (Depths:4)
  A minotaur (Gauntlet)
  A red draconian (Depths:4)
  5 eidola
  2 purple draconians (Depths:4)
  2 blizzard demons (Depths:2)
  6 ettins
  2 quicksilver dragon zombies
  A crystal guardian (Vaults:4)
  7 deep elf death magi
  7 fire dragons
  2 green deaths (Depths:2)
  24 jiangshi
  A fenstrider witch zombie (Crypt:3)
  A shambling mangrove (Swamp:3)
  12 vault guards
  4 deep elf high priests
  11 great orbs of eyes
  The ghost of Pamiuf the Slicer, a journeyman KoSu of Ru (Lair:2)
  12 yaktaur captains
  Erolcha (D:9)
  3 ogre magi
  A rakshasa (Depths:1)
  Harold (D:11)
  27 hydras
  A peacekeeper (Vaults:4)
  A spriggan air mage (Depths:4)
  6 ice dragons
  13 centaur warriors
  7 boulder beetles
  A radroach (Spider:2)
  7 ironbound frosthearts
  4 ghost crabs
  A catoblepas (D:13)
  A merfolk aquamancer (WizLab)
  14 two-headed ogres
  4 deep troll shamans
  8 death scarabs (Spider:4)
  36 dancing weapons
  11 alligators
  6 death knights
  16 death yaks
  11 vampire magi
  10 tengu warriors
  2 orc high priests
  Sonja (Lair:3)
  4 spriggan berserkers
  21 deep elf knights
  An emperor scorpion zombie (Crypt:3)
  2 spectral storm dragons (Crypt:2)
  A storm dragon zombie (Depths:2)
  The ghost of Jatjacob the Carver, a novice MiBe of Trog (D:8)
  Nergalle (Lair:4)
  20 hell knights
  A titan skeleton (D:15)
  6 iron trolls
  2 spectral death yaks (Lair:6)
  A fire crab (shapeshifter) (D:14)
  4 pharaoh ants
  4 shadow wraiths
  A sun moth (Spider:3)
  3 sixfirhies (Depths:2)
  23 skeletal warriors
  10 goliath frogs
  2 steelbarb worms (Spider:3)
  A death drake (Swamp:1)
  9 soul eaters
  A sea snake (shapeshifter) (D:13)
  An anaconda zombie (Crypt:3)
  A spectral anaconda (Lair:6)
  5 flayed ghosts
  5 bog bodies
  A spriggan simulacrum (Depths:2)
  An orb spider (shapeshifter) (D:13)
  43 deep trolls
  An obsidian statue (Lair:6)
  12 orb spiders
  14 swamp dragons
  A spriggan druid (Swamp:1)
  18 deep elf archers
  2 glowing orange brains
  18 wizards
  An orc knight (D:14)
  32 phantasmal warriors
  28 deep elf zephyrmancers
  2 lindwurms (Vaults:4)
  10 necromancers
  4 spectral wolf spiders (Spider:4)
  20 ironbound convokers
  4 oklob plants (Lair:6)
  2 wolf spider zombies (Spider:4)
  28 deep elf pyromancers
  2 golden dragon skeletons
  A sphinx zombie (Crypt:2)
  3 orc sorcerers
  A frost giant zombie (D:15)
  An iron dragon zombie (Depths:1)
  41 ugly things
  A spectral fire dragon (Crypt:2)
  26 wolf spiders
  4 manticores
  2 spectral ice dragons (Crypt:2)
  10 cyclopes
  4 moths of wrath
  An iron dragon skeleton (D:15)
  3 will-o-the-wisps
  A guardian serpent (shapeshifter) (D:13)
  4 worldbinders (WizLab)
  13 vault sentinels
  A dire elephant zombie (Lair:6)
  A naga zombie (Crypt:3)
  2 fire giant skeletons
  3 black mambas (Lair:5)
  A frost giant skeleton (Depths:2)
  A rust devil (Depths:2)
  3 elephants (Lair:6)
  3 torpor snails
  An eleionoma skeleton (Crypt:2)
  A shock serpent skeleton (Crypt:2)
  A water nymph (WizLab)
  An unseen horror (shapeshifter) (Depths:3)
  14 cane toads
  2 gargoyles (Volcano)
  2 rime drakes
  Psyche (D:12)
  6 spectral redbacks (Spider:4)
  6 efreet
  4 unseen horrors
  3 redback zombies (Spider:4)
  9 demonic crawlers
  10 komodo dragons
  34 yaktaurs
  4 kobold demonologists
  4 tengu conjurers
  An ice devil (Depths:2)
  A minotaur zombie (Crypt:1)
  7 freezing wraiths
  A grey draconian skeleton (Crypt:1)
  An anaconda simulacrum (Crypt:3)
  A steelbarb worm zombie (Crypt:3)
  A red devil (Depths:2)
  2 hellwings (Depths:2)
  4 harpy zombies (Crypt:3)
  A black draconian skeleton (Crypt:2)
  A queen bee (shapeshifter) (D:13)
  10 trolls
  A hornet (shapeshifter) (D:11)
  4 polar bears
  A queen bee (D:11)
  3 meliai (Spider:2)
  8 hornets
  A spectral jumping spider (Spider:4)
  A harpy skeleton (Crypt:3)
  9 tyrant leeches
  4 spectral tarantellas (Spider:4)
  23 slime creatures
  A tengu simulacrum (Depths:2)
  A jumping spider zombie (Spider:4)
  26 tarantellas
  A human simulacrum (Vaults:4)
  4 blink frogs (Lair:6)
  A frost giant simulacrum (Depths:2)
  5 dream sheep (Lair:5)
  A fire giant simulacrum (Depths:1)
  17 shadows
  13 flying skulls (Crypt:2)
  A stone giant simulacrum (Depths:1)
  18 jumping spiders
  4 spriggans
  16 culicivoras
  An alligator skeleton (Crypt:1)
  64 yaks
  2 wyverns
  2 vampires
  7 air elementals
  10 water elementals
  An ice dragon skeleton (Crypt:3)
  2 hogs (Swamp:3)
  6 humans
  A spriggan (shapeshifter) (Depths:3)
  4 fire elementals
  15 wraiths
  A tyrant leech zombie (Crypt:1)
  4 basilisks
  Grum (Lair:1)
  A chaos spawn (Depths:2)
  34 redbacks
  15 vampire mosquitoes
  9 swamp worms
  3 spectral cane toads (Lair:6)
  A merfolk zombie (Crypt:3)
  4 wargs (Orc:1)
  A two-headed ogre zombie (D:12)
  2 acid dragons
  22 water moccasins
  A floating eye (shapeshifter) (Elf:2)
  2 small abominations (Gauntlet)
  A floating eye (Lair:6)
  5 spectral hornets (Spider:4)
  7 swamp drakes
  2 hornet zombies (Spider:4)
  17 orc warriors
  A sky beast (shapeshifter) (D:13)
  27 ogres
  A black bear (D:4)
  2 elephant zombies (Lair:6)
  2 necrophages
  An ogre (shapeshifter) (D:13)
  24 wolves
  2 elephant skeletons (Lair:6)
  15 centaurs
  2 phantoms (D:12)
  A dream sheep skeleton (Crypt:3)
  6 kobold brigands
  12 bullfrogs
  A gnoll sergeant (D:6)
  10 scorpions
  A wyvern zombie (D:7)
  A cane toad simulacrum (Lair:6)
  An earth elemental (Volcano)
  A wyvern skeleton (Crypt:3)
  A water moccasin zombie (Crypt:1)
  A shapeshifter zombie (Crypt:2)
  38 killer bees
  2 troll zombies (D:12)
  An elephant simulacrum (Lair:6)
  12 wights (D:8)
  3 electric eels
  A wolf zombie (Crypt:2)
  3 howler monkeys
  A bullfrog zombie (D:5)
  3 centaur zombies
  A spectral centaur (D:8)
  A human zombie (D:4)
  2 hounds
  3 jellies
  A gnoll shaman (D:7)
  14 orc priests
  A bullfrog skeleton (D:5)
  6 centaur skeletons
  2 iguanas
  20 orc wizards
  3 human skeletons
  A killer bee zombie (D:8)
  A dwarf zombie (Crypt:2)
  5 ogre zombies (D:12)
  A tengu skeleton (Crypt:3)
  A dwarf skeleton (Crypt:1)
  2 howler monkey zombies (D:10)
  9 gnolls
  2 howler monkey skeletons
  11 adders
  2 white imps
  3 ufetubi
  An adder skeleton (D:5)
  A halfling skeleton (Crypt:3)
  A lava snake skeleton (Crypt:1)
  3 worms
  2 dart slugs
  68 orcs
  2 bats (D:2)
  15 endoplasms
  13 giant cockroaches
  A goblin (D:2)
  6 hobgoblins
  2 jackals (D:3)
  4 kobolds
  11 quokkas
  14 ball pythons
  A ball python zombie (Crypt:1)
  8 frilled lizards
  3 goblin skeletons
  5 goblin zombies
  A hobgoblin skeleton (D:12)
  7 hobgoblin zombies
  A jackal skeleton (Crypt:2)
  A jackal zombie (Crypt:1)
  2 orc skeletons (D:12)
  14 orc zombies (D:12)
  6 rats
  A bush (Lair:6)
  3 butterflies
2055 creatures vanquished.

Vanquished Creatures (others)
  An orc high priest (Orc:1)
  A wizard (D:13)
  A cane toad (Lair:6)
  22 demonic plants (Gauntlet)
  10 foxfires
  33 fungi
  87 plants
  22 withered plants
177 creatures vanquished.

Grand Total: 2232 creatures vanquished
